 Dungeon Sprint DCSS version 0.31.0-12-g77e489cdc1 (webtiles) character file.

Game seed: 3862904110700402744

5200000 Kallu the Axe Maniac (level 27, -166/228 HPs)
             Began as a Djinni Warper on Feb 14, 2024.
             Was the Champion of Makhleb.
             Annihilated by a sculptor of flesh
             ... wielding a +9 great sword
              (213 damage)
             ... in the Dungeon (Sprint VIII: "Arena of Blood").
             The game lasted 00:03:01 (52 turns).

Kallu the Axe Maniac (Djinni Warper)                  Turns: 52, Time: 00:03:02

Health: -166/228   AC:  6    Str: 10    XL:     27
Gold:   0          EV: 29    Int: 24    God:    Makhleb [******] SH:  0 Dex: 18

rFire   + + .        h - +∞ Axe of Woe
rCold   x . .        (shield currently unavailable)
rNeg    . . .        a - +0 leather armour
rPois   ∞            (no helmet)
rElec   .            (no cloak)
rCorr   .            (no gloves)
SInv    +            (boots unavailable)
Will    ++...        (no amulet)
Stlth   +++++++++    i - ring of see invisible
HPRegen 0.58/turn    (no ring)
MPRegen 0.00/turn

%: no teleportation, infuse magic (-167 HP)
@: death channelling, flying, slowed, very slow
A: sickness immunity, fire resistance 2, cold vulnerability 1, float, innate
caster, HP casting, extra vitality 1
a: Renounce Religion, Minor Destruction, Lesser Servant of Makhleb, Major
Destruction, Greater Servant of Makhleb


You were in the Dungeon.
You worshipped Makhleb.
Makhleb was exalted by your worship.
You visited 1 branch

Inventory:

Hand Weapons
 h - the +∞ Axe of Woe (weapon)
   (You found it in the Dungeon)
Missiles
 c - 7 darts of dispersal (quivered)
Armour
 a - a +0 leather armour (worn)
Jewellery
 i - a ring of see invisible (left hand)
Scrolls
 b - 2 scrolls of blinking
Potions
 d - a potion of curing
 e - a potion of heal wounds
 f - a potion of haste
 g - a potion of berserk rage


   Skills:
 O Level 27 Fighting
 + Level 21.0(24.3) Short Blades
 + Level 21.0(24.3) Long Blades
 O Level 27 Axes
 + Level 19.4(27) Maces & Flails
 + Level 19.4(27) Polearms
 + Level 21.0(27) Staves
 + Level 19.4 Ranged Weapons
 O Level 27 Throwing
 O Level 27 Armour
 O Level 27 Dodging
 O Level 27 Stealth
 + Level 22.6 Shields
 O Level 27 Unarmed Combat
 O Level 27 Spellcasting
 O Level 27 Conjurations
 O Level 27 Hexes
 O Level 27 Summonings
 O Level 27 Necromancy
 O Level 27 Translocations
 O Level 27 Fire Magic
 O Level 27 Ice Magic
 O Level 27 Air Magic
 O Level 27 Earth Magic
 O Level 27 Alchemy
 + Level 22.6 Invocations
 + Level 22.6 Evocations
 + Level 19.4 Shapeshifting


You knew the following spells:

 Your Spells              Type           Power      Damage    Failure   Level
a - Blink                 Tloc           100%       N/A       0%          2
b - Lesser Beckoning      Tloc           100%       N/A       0%          2
c - Teleport Other        Tloc           100%       N/A       0%          3
d - Manifold Assault      Tloc           100%       N/A       0%          4
e - Vhi's Electric Charg  Tloc/Air       100%       N/A       0%          4
f - Slow                  Hex            100%       N/A       0%          1
g - Ensorcelled Hibernat  Hex/Ice        100%       N/A       0%          2
h - Frozen Ramparts       Ice            100%       1d16      0%          3
i - Olgreb's Toxic Radia  Alch           100%       N/A       0%          4
j - Borgnjor's Vile Clut  Necr/Erth      52%        N/A       0%          5
k - Freezing Cloud        Conj/Ice/Air   52%        6-21      0%          5
l - Death Channel         Necr           52%        N/A       0%          6
m - Dispersal             Tloc           52%        N/A       0%          6
n - Summon Cactus Giant   Summ           52%        N/A       0%          6
o - Enfeeble              Hex            52%        N/A       0%          7
p - Summon Hydra          Summ           52%        N/A       0%          7
q - Borgnjor's Revivific  Necr           52%        N/A       1%          8
r - Chain Lightning       Conj/Air       52%        3d69      1%          9
Your spell library was empty.

Dungeon Overview and Level Annotations

Branches:
Dungeon (1/1)

Altars:
Makhleb


Innate Abilities, Weirdness & Mutations

You are immune to sickness and miasma.
You are immune to poison.
Your flesh is very heat resistant. (rF++)
You are vulnerable to cold. (rC-)
You float through the air rather than walking.
You learn spells naturally, not from books.
Your magical power is your life essence.
You have superior vitality. (+4 MHP)


Message History

Your spectral bag of meat is destroyed!
The bag of meat hits your spectral bag of meat with a +9 war axe! x2
The bag of meat hits your spectral meat berserker with a +9 war axe!!
The destroyer casts a spell at you.
The destroyer blinks!
A bag of meat comes into view. It is wielding a +9 war axe.
The bag of meat hits your spectral meat berserker with a +9 war axe!!
The bag of meat hits your spectral bag of meat with a +9 war axe!
The bag of meat hits your spectral bag of meat with a +9 war axe!! x2
The bag of meat hits your spectral large bag of meat with a +9 war axe!!
A large bag of meat comes into view. It is wielding a +9 giant spiked club.
The bag of meat hits your spectral meat berserker with a +9 war axe!!
The bag of meat hits your spectral bag of meat with a +9 war axe!! x2
The bag of meat hits your spectral bag of meat with a +9 war axe.
The bag of meat hits your spectral bag of meat with a +9 war axe!
The meat berserker hits your spectral meat berserker with a +9 battleaxe!!!
A meat berserker comes into view. It is wielding a +9 battleaxe.
Your spectral bag of meat hits the tentacled monstrosity but does no damage.
The large abomination hits your spectral large bag of meat. x2
Your spectral bag of meat hits the bag of meat.
Your spectral bag of meat hits the meat berserker but does no damage.
Your spectral bag of meat hits the bag of meat.
The bag of meat completely misses your spectral large bag of meat.
The destroyer points at you and mumbles some strange words.
The destroyer blinks!
Your spectral bag of meat hits the bag of meat.
Your spectral bag of meat drains the bag of meat.
The sculptor of flesh hits your spectral large bag of meat with a +9 great sword!!!
Your spectral large bag of meat is destroyed!
The destroyer is engulfed in blazing flames.
The destroyer hits you with a +9 heavy great sword!!!!!
Ouch! That really hurt!
* * * LOW HITPOINT WARNING * * *
The destroyer bites you!
* * * LOW HITPOINT WARNING * * *
Your spectral bag of meat hits the bag of meat.
The sculptor of flesh is engulfed in blazing flames.
The sculptor of flesh hits you with a +9 great sword!!!!!
Ouch! That really hurt!
You die...

....##.##)#####.....
.V..)oooZ.oo........ #
#...oO##o##oo)...O.. ..
o.o.o.oo.o.o.Z§..... ...
o.D.VZoo#Z#oZo....#. ....
.......Z..)).ZVO####.....
....o..o.ooZo..oZZ.z.o...
.o..o)...oZZo.VVOZ.o...#
.o..o...)).OZZV§@zo....o.
.....)..o.oo)Z.XZ§V....#.
...#......O#.ZXXXoOo.....
...#.......#...XLO.....##
.###.))....###§.X........
....).###...§XX....§.o###
....).)_....Xz......o...
....#....o#.LoO...#§#.z.
....#_.<._#


You could see 3 tentacled monstrosities, 2 tyrants, 5 destroyers, 4 sculptors of
flesh, 4 large bags of meat, 6 large abominations, 3 meat berserkers, 25 bags of
meat, 9 friendly spectral bags of meat, 5 friendly spectral meat berserkers and
a friendly spectral large bag of meat.

Vanquished Creatures
  2 royal mummies (D)
  6 vampire knights (D)
  19 ogres (D)
  3 two-headed ogres (D)
  50 orcs (D)
  A skeletal warrior (D)
81 creatures vanquished.

Notes
Turn   | Place    | Note
-------+----------+-------------------------------------------
     0 | D        | Found the +∞ Axe of Woe
     0 | D        | Kallu the Djinni Warper began the quest for the Orb.
     0 | D        | Kallu set off with the following spells memorised: Blink,
                  | Lesser Beckoning, Teleport Other, Manifold Assault, Vhi's
                  | Electric Charge.
     0 | D        | Reached XP level 1. HP: 18/18 MP: 0/0
     4 | D        | Became a worshipper of Makhleb the Destroyer
     5 | D        | Noticed a bag of meat
     5 | D        | Noticed a bag of meat
     5 | D        | Noticed a meat berserker
     6 | D        | Noticed a bag of meat
     6 | D        | Noticed a bag of meat
     6 | D        | Noticed a bag of meat
     6 | D        | Noticed a bag of meat
     6 | D        | Noticed a bag of meat
     6 | D        | Noticed a meat berserker
     7 | D        | Noticed a bag of meat
     7 | D        | Noticed a bag of meat
     7 | D        | Noticed a meat berserker
     8 | D        | Killed a meat berserker
     8 | D        | Noticed a bag of meat
     9 | D        | Reached XP level 2. HP: 21/23 MP: 0/0
     9 | D        | Reached XP level 3. HP: 26/28 MP: 0/0
     9 | D        | Learned a level 1 spell: Slow
     9 | D        | Reached XP level 4. HP: 31/33 MP: 0/0
     9 | D        | Reached XP level 5. HP: 36/38 MP: 0/0
     9 | D        | Learned a level 2 spell: Ensorcelled Hibernation
     9 | D        | Reached XP level 6. HP: 40/43 MP: 0/0
     9 | D        | Reached XP level 7. HP: 46/49 MP: 0/0
     9 | D        | Learned a level 3 spell: Frozen Ramparts
     9 | D        | Reached XP level 8. HP: 51/54 MP: 0/0
     9 | D        | Reached XP level 9. HP: 55/58 MP: 0/0
     9 | D        | Learned a level 4 spell: Olgreb's Toxic Radiance
     9 | D        | Reached XP level 10. HP: 60/64 MP: 0/0
     9 | D        | Reached XP level 11. HP: 64/68 MP: 0/0
     9 | D        | Learned a level 5 spell: Borgnjor's Vile Clutch
     9 | D        | Reached XP level 12. HP: 70/74 MP: 0/0
     9 | D        | Noticed a meat berserker
     9 | D        | Killed a bag of meat
     9 | D        | Reached * piety under Makhleb
     9 | D        | Killed a bag of meat
    10 | D        | Reached skill level 27 in Axes
    10 | D        | Reached XP level 13. HP: 94/94 MP: 0/0
    10 | D        | Learned a level 5 spell: Freezing Cloud
    10 | D        | Killed a meat berserker
    10 | D        | Killed a bag of meat
    10 | D        | Reached ** piety under Makhleb
    10 | D        | Killed a bag of meat
    10 | D        | Killed a bag of meat
    11 | D        | Reached XP level 14. HP: 137/137 MP: 0/0
    11 | D        | Reached XP level 15. HP: 143/143 MP: 0/0
    11 | D        | Learned a level 6 spell: Death Channel
    11 | D        | Killed a meat berserker
    11 | D        | Reached *** piety under Makhleb
    12 | D        | Reached skill level 27 in Fighting
    12 | D        | Reached XP level 16. HP: 154/154 MP: 0/0
    13 | D        | Noticed a meat berserker
    14 | D        | Killed a meat berserker
    14 | D        | Reached **** piety under Makhleb
    14 | D        | Noticed a meat berserker
    15 | D        | Noticed a large bag of meat
    15 | D        | Killed a meat berserker
    16 | D        | Reached XP level 17. HP: 160/160 MP: 0/0
    16 | D        | Learned a level 6 spell: Dispersal
    16 | D        | Noticed a large bag of meat
    16 | D        | Noticed a meat berserker
    17 | D        | Reached ***** piety under Makhleb
    17 | D        | Noticed a meat berserker
    18 | D        | Noticed a meat berserker
    19 | D        | Reached skill level 27 in Spellcasting
    19 | D        | Reached skill level 27 in Conjurations
    19 | D        | Reached skill level 27 in Hexes
    19 | D        | Reached skill level 27 in Summonings
    19 | D        | Reached skill level 27 in Necromancy
    19 | D        | Reached skill level 27 in Translocations
    19 | D        | Reached skill level 27 in Fire Magic
    19 | D        | Reached skill level 27 in Ice Magic
    19 | D        | Reached skill level 27 in Air Magic
    19 | D        | Reached skill level 27 in Earth Magic
    19 | D        | Reached skill level 27 in Alchemy
    19 | D        | Reached skill level 5 in Armour
    19 | D        | Reached skill level 10 in Unarmed Combat
    19 | D        | Reached XP level 18. HP: 167/167 MP: 0/0
    19 | D        | Noticed a meat berserker
    21 | D        | Killed a meat berserker
    21 | D        | Reached ****** piety under Makhleb
    21 | D        | Killed a meat berserker
    22 | D        | Reached skill level 10 in Armour
    22 | D        | Reached XP level 19. HP: 174/174 MP: 0/0
    22 | D        | Learned a level 6 spell: Summon Cactus Giant
    22 | D        | Noticed a meat berserker
    24 | D        | Killed a meat berserker
    25 | D        | Reached skill level 5 in Throwing
    25 | D        | Killed a large bag of meat
    26 | D        | Reached XP level 20. HP: 168/181 MP: 0/0
    26 | D        | Noticed a meat berserker
    28 | D        | Killed a meat berserker
    29 | D        | Reached skill level 27 in Dodging
    29 | D        | Reached skill level 27 in Unarmed Combat
    30 | D        | Noticed a destroyer
    32 | D        | Killed a destroyer
    32 | D        | Killed a meat berserker
    33 | D        | Reached skill level 15 in Throwing
    33 | D        | Reached skill level 27 in Armour
    33 | D        | Reached XP level 21. HP: 172/187 MP: 0/0
    33 | D        | Learned a level 7 spell: Enfeeble
    33 | D        | Killed a meat berserker
    34 | D        | Noticed a destroyer
    34 | D        | Noticed a destroyer
    36 | D        | Noticed a destroyer
    37 | D        | Reached XP level 22. HP: 194/194 MP: 0/0
    38 | D        | Reached skill level 27 in Throwing
    38 | D        | Noticed a destroyer
    40 | D        | Noticed a meat berserker
    40 | D        | Noticed a large bag of meat
    41 | D        | Noticed a destroyer
    41 | D        | Noticed a destroyer
    41 | D        | Killed a destroyer
    42 | D        | Reached skill level 10 in Short Blades
    42 | D        | Reached skill level 10 in Long Blades
    42 | D        | Reached skill level 10 in Staves
    42 | D        | Reached skill level 10 in Stealth
    42 | D        | Reached XP level 23. HP: 201/201 MP: 0/0
    42 | D        | Learned a level 7 spell: Summon Hydra
    43 | D        | Reached skill level 10 in Maces & Flails
    43 | D        | Reached skill level 10 in Polearms
    43 | D        | Reached skill level 10 in Ranged Weapons
    43 | D        | Reached skill level 10 in Shapeshifting
    43 | D        | Noticed a destroyer
    43 | D        | Noticed a large bag of meat
    44 | D        | Killed a destroyer
    44 | D        | Noticed a destroyer
    44 | D        | Noticed a destroyer
    45 | D        | Reached XP level 24. HP: 208/208 MP: 0/0
    45 | D        | Noticed a large bag of meat
    46 | D        | Noticed a tyrant
    46 | D        | Killed a destroyer
    47 | D        | Reached skill level 27 in Stealth
    47 | D        | Noticed a destroyer
    47 | D        | Noticed an accursed
    47 | D        | Noticed a destroyer
    48 | D        | Reached skill level 15 in Short Blades
    48 | D        | Reached skill level 15 in Long Blades
    48 | D        | Reached skill level 15 in Staves
    48 | D        | Reached XP level 25. HP: 200/214 MP: 0/0
    48 | D        | Learned a level 8 spell: Borgnjor's Revivification
    48 | D        | Noticed a large bag of meat
    48 | D        | Noticed a large bag of meat
    48 | D        | Killed a destroyer
    49 | D        | Reached skill level 15 in Maces & Flails
    49 | D        | Reached skill level 15 in Polearms
    49 | D        | Reached skill level 15 in Ranged Weapons
    49 | D        | Reached skill level 15 in Shapeshifting
    49 | D        | Killed an accursed
    49 | D        | Noticed an accursed
    50 | D        | Reached XP level 26. HP: 156/221 MP: 0/0
    50 | D        | Noticed a tyrant
    50 | D        | Noticed a destroyer
    51 | D        | Killed a destroyer
    51 | D        | Killed a large bag of meat
    52 | D        | Reached XP level 27. HP: 155/228 MP: 0/0
    52 | D        | Learned a level 9 spell: Chain Lightning
    52 | D        | Killed a large bag of meat
    52 | D        | Killed an accursed
    52 | D        | Noticed a large bag of meat
    52 | D        | Annihilated by a sculptor of flesh

Illustrated notes

Levels and vault maps discovered:
D:        meatsprint

Skill      XL: |  1  2  3  4  5  6  7  8  9 10 11 12 13 14 15 16 17 18 19 20 21 22 23 24 25 26 |
---------------+-------------------------------------------------------------------------------+-----
Axes           | 24 27 | 27.0
Fighting       | 9 25 27 | 27.0
Spellcasting   | 12 22 27 | 27.0
Conjurations   | 12 22 27 | 27.0
Hexes          | 12 22 27 | 27.0
Summonings     | 12 22 27 | 27.0
Necromancy     | 12 22 27 | 27.0
Translocations | 12 22 27 | 27.0
Fire Magic     | 12 22 27 | 27.0
Ice Magic      | 12 22 27 | 27.0
Air Magic      | 12 22 27 | 27.0
Earth Magic    | 12 22 27 | 27.0
Alchemy        | 12 22 27 | 27.0
Throwing       | 2 4 7 15 25 27 | 27.0
Armour         | 5 10 14 27 | 27.0
Dodging        | 11 19 26 27 | 27.0
Unarmed Combat | 10 18 24 27 | 27.0
Short Blades   | 10 12 15 18 21 | 21.0
Long Blades    | 10 12 15 18 21 | 21.0
Maces & Flails | 9 11 14 16 19 | 19.4
Polearms       | 9 11 14 16 19 | 19.4
Staves         | 10 12 15 18 21 | 21.0
Ranged Weapons | 9 11 14 16 19 | 19.4
Stealth        | 10 19 27 | 27.0
Shields        | 11 13 16 19 22 | 22.6
Invocations    | 11 13 16 19 22 | 22.6
Evocations     | 11 13 16 19 22 | 22.6
Shapeshifting  | 9 11 14 16 19 | 19.4

Action                     |  1- 3 |  4- 6 |  7- 9 | 10-12 | 13-15 | 16-18 | 19-21 | 22-24 | 25-27 || total
---------------------------+-------+-------+-------+-------+-------+-------+-------+-------+-------++-------
  Melee: Executioner's axe |     1 |       |       |     1 |     2 |     6 |     7 |     9 |     8 ||    34
   Cast: Vhi's Electric Ch |       |       |       |       |       |     4 |       |     8 |     3 ||    15
         Death Channel     |       |       |       |       |       |       |     1 |       |       ||     1
         Manifold Assault  |       |       |       |       |       |       |       |       |     1 ||     1
 Armour: Leather armour    |     1 |       |       |       |       |     3 |     5 |       |    10 ||    19
  Dodge: Dodged            |       |       |       |       |       |       |     1 |       |     1 ||     2
